 Dungeon Crawl Stone Soup version 0.31-a0-675-g238779eb0a (webtiles) character file.

Game seed: 16646053347915319513

1317 bjtr the Digger (level 8, -10/74 HPs)
             Began as an Ogre Earth Elementalist on Sept 6, 2023.
             Mangled by a sleepcap (13 damage)
             ... on level 5 of the Dungeon.
             The game lasted 00:22:41 (5324 turns).

bjtr the Digger (Ogre Earth Elementalist)           Turns: 5324, Time: 00:22:42

Health: -10/74     AC:  4    Str: 13    XL:     8   Next: 59%
Magic:  10/17      EV:  1    Int: 18    God:
Gold:   194        SH:  0    Dex: 15    Spells: 11/19 levels left

rFire   . . .        c - +1 short sword (venom)
rCold   . . .        (no shield)
rNeg    . . .        a - +0 robe
rPois   .            (helmet restricted)
rElec   .            t - +0 cloak
rCorr   .            (gloves unavailable)
SInv    .            (boots unavailable)
Will    .....        r - amulet of reflection
Stlth   ++           j - ring of wizardry
HPRegen 0.32/turn    v - +6 ring of dexterity
MPRegen 0.15/turn

%: reflection, wizardry (x1)
@: sleeping
A: large, unfitting armour, tough skin 1
a: no special abilities


You were on level 5 of the Dungeon.
You visited 1 branch of the dungeon, and saw 6 of its levels.

You collected 194 gold pieces.

Inventory:

Hand Weapons
 b - a +1 flail
 c - a +1 short sword of venom (weapon)
 l - a +2 dagger of draining
 n - a +0 hand axe
 q - a +0 scythe
Missiles
 k - 6 javelins
 p - 4 poisoned darts
Armour
 a - a +0 robe (worn)
 t - a +0 cloak (worn)
Jewellery
 j - a ring of wizardry (left hand)
 r - an amulet of reflection (around neck)
 v - a +6 ring of dexterity (right hand)
Talismans
 s - a beast talisman
Wands
 g - a wand of polymorph (6)
 o - a wand of acid (3)
Scrolls
 e - 2 scrolls of teleportation
 f - 2 scrolls of fear
 h - a scroll of immolation
 w - a scroll of identify
Potions
 d - 2 potions of might
 i - 2 potions of attraction
 u - a potion of mutation


   Skills:
 + Level 2.4 Fighting
 + Level 3.1 Dodging
 - Level 1.4 Stealth
 + Level 2.0 Shields
 + Level 6.4 Spellcasting
 + Level 0.5 Conjurations
 - Level 0.8 Transmutations
 * Level 7.2 Earth Magic


You had 11 spell levels left.
You knew the following spells:

 Your Spells              Type           Power      Damage    Failure   Level
a - Sandblast             Erth           62%        2d14      1%          1
b - Passwall              Tmut/Erth      16%        N/A       1%          2
c - Stone Arrow           Conj/Erth      38%        3d9       2%          3
d - Blink                 Tloc           10%        N/A       7%          2

Your spell library contained the following spells:

 Spells                   Type           Power      Damage    Failure   Level
 Shock                    Conj/Air       24%        1d4       4%          1
 Momentum Strike          Conj/Tloc      12%        3d8       6%          2
 Lesser Beckoning         Tloc           10%        N/A       7%          2
 Petrify                  Tmut/Erth      20%        N/A       9%          4
 Swiftness                Air            5%         N/A       14%         3
 Airstrike                Air            2%         2d(1-17)  41%         4


Dungeon Overview and Level Annotations

Branches:
Dungeon (6/15)
 Temple: D:4-7

Altars:
Dithmenos
Nemelex Xobeh
Ru
Wu Jian
Yredelemnul
Zin

Shops:
D:2 !:   D:5 *

Annotations:
D:6 Edmund, Prince Ribbit


Innate Abilities, Weirdness & Mutations

You are too large for most types of armour.
You have tough skin. (AC +1)


Message History

Casting: Sandblast (safe; 1% risk of failure)
Confirm with . or Enter, or press ? or * to list all spells.
Aiming: Sandblast (safe; 1% risk of failure)
Press: ? - help, Shift-Dir - straight line, f/p - orc
Aim: an orc, wielding a +0 club and wearing a +0 chain mail (severely wounded, 88% to hit)
Okay, then.
Unknown command.
Okay, then.
Casting: Sandblast (safe; 1% risk of failure)
Confirm with . or Enter, or press ? or * to list all spells.
Aiming: Sandblast (safe; 1% risk of failure)
Press: ? - help, Shift-Dir - straight line, f/p - orc
Aim: an orc, wielding a +0 club and wearing a +0 chain mail (severely wounded, 88% to hit)
The blast of sand hits the orc!
You kill the orc!
You block the sleepcap's attack. The sleepcap barely misses you.
There is a stone staircase leading down here.
Things that are here:
a +0 club; a +0 chain mail; an orc corpse
Casting: Sandblast (safe; 1% risk of failure)
Confirm with . or Enter, or press ? or * to list all spells.
Aiming: Sandblast (safe; 1% risk of failure)
Press: ? - help, Shift-Dir - straight line, f - sleepcap
Aim: a sleepcap (100% to hit)
The blast of sand hits the sleepcap but does no damage.
The sleepcap closely misses you.
Unknown command.
Casting: Sandblast (safe; 1% risk of failure)
Confirm with . or Enter, or press ? or * to list all spells.
Aiming: Sandblast (safe; 1% risk of failure)
Press: ? - help, Shift-Dir - straight line, f/p - sleepcap
Aim: a sleepcap (100% to hit)
The blast of sand hits the sleepcap but does no damage.
The sleepcap releases spores at you.
* * * LOW HITPOINT WARNING * * *
You are engulfed in a cloud of soporific spores!
You fall asleep.
The sleepcap releases spores at you but does no damage.
The sleepcap releases spores at you!
You die...

##.......# ##.......#
##.......# ###.....##
..(....## .####### .# #####
.# ######### #.f.####### .#
#.......# #@#)......#### .#
#.#####.# ###...####.....# ##
#.#####.###.##.###§##.##.#
#.##............#####..#.#
#.##.##.......###...####.#
#.##.##..##.###§#._.#§##.#
####........##...####.#####.#
.........##.##.##.#§#.#§#...#
###.##...##.##....###.#######


You could see a sleepcap.

Vanquished Creatures
  Sigmund (D:3)
  Menkaure (D:4)
  2 black bears (D:5)
  A gnoll sergeant (D:6)
  2 scorpions (D:5)
  A howler monkey (D:6)
  The ghost of justen the Changeling, a weakling KoSh (D:3)
  A hound (D:5)
  A jelly (D:5)
  An orc priest (D:5)
  An iguana (D:4)
  Jessica (D:3)
  Ijyb (D:4)
  6 orc wizards
  A sleepcap (D:5)
  A scorpion zombie (D:3)
  Robin (D:4)
  4 adders
  5 gnolls
  A white imp (D:5)
  An ufetubus (D:5)
  2 worms
  11 dart slugs
  22 orcs
  5 bats
  6 endoplasms
  2 giant cockroaches
  10 goblins
  7 hobgoblins
  3 jackals (D:4)
  5 kobolds
  2 quokkas
  6 ball pythons
  A ball python zombie (D:3)
  2 frilled lizards
  2 rats
121 creatures vanquished.

Notes
Turn   | Place    | Note
-------+----------+-------------------------------------------
     0 | D:1      | bjtr the Ogre Earth Elementalist began the quest for the
                  | Orb.
     0 | D:1      | Reached XP level 1. HP: 16/16 MP: 3/3
    13 | D:1      | Found a faded altar of an unknown god.
    93 | D:1      | Reached skill level 3 in Earth Magic
   145 | D:1      | You fall into a shaft and drop 1 floor!
   145 | D:2      | Found Nacumuido's Distillery.
   196 | D:2      | Reached XP level 2. HP: 16/24 MP: 0/5
   812 | D:2      | Found a sacrificial altar of Ru.
   832 | D:2      | Reached XP level 3. HP: 24/31 MP: 4/6
   838 | D:2      | Reached skill level 4 in Earth Magic
   845 | D:2      | Reached XP level 4. HP: 18/39 MP: 0/8
  1055 | D:2      | Found Fuqed's Book Emporium.
  1173 | D:2      | Learned a level 2 spell: Passwall
  1177 | D:2      | Learned a level 3 spell: Stone Arrow
  1180 | D:2      | Learned a level 2 spell: Blink
  1432 | D:3      | Noticed Sigmund
  1538 | D:3      | Killed Sigmund
  1539 | D:3      | Reached skill level 1 in Fighting
  1539 | D:3      | Reached skill level 5 in Earth Magic
  1539 | D:3      | Reached XP level 5. HP: 21/48 MP: 2/10
  1539 | D:3      | Reached XP level 6. HP: 24/55 MP: 2/11
  1678 | D:3      | Noticed Jessica
  1681 | D:3      | Killed Jessica
  1700 | D:3      | Found a runed translucent gate.
  1700 | D:3      | Found a runed translucent gate.
  1700 | D:3      | Found a runed translucent gate.
  1700 | D:3      | Noticed justen's ghost (weakling KoSh)
  1702 | D:3      | Found a basalt altar of Yredelemnul.
  2548 | D:3      | Killed justen's ghost
  3025 | D:4      | Noticed Robin
  3145 | D:4      | Killed Robin
  3375 | D:4      | Noticed Ijyb
  3382 | D:4      | Killed Ijyb
  3383 | D:4      | Reached XP level 7. HP: 58/63 MP: 1/13
  3536 | D:4      | Noticed Menkaure
  3573 | D:4      | Killed Menkaure
  3574 | D:4      | Reached skill level 1 in Shields
  3824 | D:4      | Found a shadowy altar of Dithmenos.
  4046 | D:5      | Entered Level 5 of the Dungeon
  4058 | D:5      | Reached skill level 5 in Spellcasting
  4203 | D:5      | Reached skill level 6 in Earth Magic
  4341 | D:5      | Identified the +10 plate armour of Kikubaaqudgha's Esteem
                  | {rC++ Str-3 SInv}
  4448 | D:5      | Found Zin's Purification Station.
  4458 | D:5      | Reached XP level 8. HP: 42/72 MP: 12/16
  4554 | D:5      | Found a glowing silver altar of Zin.
  4606 | D:5      | Found a sparkling altar of Nemelex Xobeh.
  5053 | D:5      | Found an ornate altar of the Wu Jian Council.
  5160 | D:5      | Reached skill level 7 in Earth Magic
  5294 | D:6      | Noticed Edmund
  5299 | D:6      | Noticed Prince Ribbit
  5319 | D:5      | HP: 2/74 [sleepcap (3)]
  5324 | D:5      | Mangled by a sleepcap

Illustrated notes

Levels and vault maps discovered:
D:1:      spicycebolla_arrival_xxxplode, layout_rooms, basic_ecumenical_altar
D:2:      layout_loops_cross, basic_altar, serial_shops, shop, shop
D:3:      layout_basic, nicolae_yredelemnul_ghost_church, uniq_sigmund,
          uniq_jessica
D:4:      kennysheep_slugbush, layout_cave_pools,
          nicolae_dithmenos_shadow_blocks, minmay_circle_x, uniq_robin,
          uniq_ijyb, uniq_menkaure
D:5:      layout_loops_cross, old_standard_altar,
          pdpol_wu_jian_five_deadly_venoms, zin_purify
D:6:      layout_cave_pools, temple_statues, nicolae_lava_and_water,
          dk_noncrumbling_4, dilly_guarded_unrand_morg, uniq_edmund,
          uniq_prince_ribbit1

Skill      XL: |  1  2  3  4  5  6  7  8 |
---------------+-------------------------+-----
Earth Magic    | 3 4 5 6 7 |  7.2
Dodging        | 2 3 |  3.1
Fighting       | 1 2 |  2.4
Spellcasting   | 3 4 5 6 |  6.4
Shields        | 1 2 |  2.0
Stealth        | |  1.4
Conjurations   | |  0.5
Transmutations | |  0.8

Action                     |  1- 3 |  4- 6 |  7- 9 || total
---------------------------+-------+-------+-------++-------
  Melee: Short sword       |    14 |    59 |    61 ||   134
         Flail             |       |    24 |       ||    24
         Halberd           |       |    22 |       ||    22
         Punch             |       |     2 |     1 ||     3
   Cast: Sandblast         |    26 |    47 |    72 ||   145
         Stone Arrow       |       |     7 |     3 ||    10
         Passwall          |       |     1 |       ||     1
         Blink             |       |       |     1 ||     1
  Evoke: Wand              |       |     1 |       ||     1
    Use: Potion            |       |     1 |     1 ||     2
         Scroll            |       |    11 |     5 ||    16
 Armour: Robe              |    16 |   109 |   109 ||   234
  Dodge: Dodged            |     5 |    88 |    81 ||   174
  Block: Other             |       |    30 |    39 ||    69
         Reflection        |       |     1 |     3 ||     4

Table legend: (Time is in decaauts)
 A = Elapsed time spent in this place.
 B = Non-inter-level travel time spent in this place.
 C = Inter-level travel time spent in this place.
 D = Time resting spent in this place.
 E = Time spent auto-exploring this place.
 F = Levels seen in this place.
 G = Mean time per level.
                   A        B        C        D        E       F      G
               +--------+--------+--------+--------+--------+-----+--------+
         Total |   5415 |   5172 |    243 |   1245 |   2836 |   6 |  902.5 |
       Dungeon |   5415 |   5172 |    243 |   1245 |   2836 |   6 |  902.5 |
               +--------+--------+--------+--------+--------+-----+--------+

Top non-repeatable levels by time:
     D:3: 1408 daAuts
     D:4: 1361 daAuts
     D:5: 1201 daAuts
     D:2: 800 daAuts
     D:1: 533 daAuts
     D:6: 109 daAuts
